[Event "56th Rubinstein Memorial A 2020"]
[Site "Polanica Zdroj"]
[Date "2020.08.15"]
[Round "1.1"]
[White "Betkowski, Andrzej"]
[Black "Ovsejevitsch, Sergei"]
[Result "0-1"]
[ECO "A45"]
[WhiteElo "2044"]
[BlackElo "2587"]
[Annotator "ChessBase"]
[PlyCount "64"]
[EventDate "2020.08.15"]
[EventType "swiss"]
[EventCountry "POL"]
[SourceTitle "playchess.com"]
[Source "ChessBase"]
[SourceQuality "1"]
[TimeControl "40/5400+30:1800+30"]

1. d4 Nf6 2. Bg5 d5 3. e3 c5 4. Nd2 cxd4 5. exd4 Qb6 6. Nb3 Ne4 7. Bf4 Nc6 8. Nf3 g6 9. Be2 Bg7 10. O-O O-O 11. c3 Bf5 12. Nfd2 Rad8 13. Nxe4 dxe4 14. Qc1 e5 15. dxe5 Nxe5 16. Be3 Qc7 17. Nd4 Bg4 18. f3 exf3 19. Nxf3 Rfe8 20. Bb5 Nxf3+ 21. gxf3 Bd7 22. Bxd7 Rxd7 23. Kg2 Rd3 24. Bf4 Re2+ 25. Rf2 Qc6 26. Rxe2 Qxf3+ 27. Kg1 Qxe2 28. Qe1 Qg4+ 29. Bg3 h5 30. Kh1 Qf3+ 31. Kg1 Bh6 32. Qe8+ Kh7 0-1

[Event "56th Rubinstein Memorial A 2020"]
[Site "Polanica Zdroj"]
[Date "2020.08.15"]
[Round "1.3"]
[White "Jachym, Adam"]
[Black "Cukrowski, Filip"]
[Result "0-1"]
[ECO "B42"]
[WhiteElo "2042"]
[BlackElo "2419"]
[Annotator "ChessBase"]
[PlyCount "58"]
[EventDate "2020.08.15"]
[EventType "swiss"]
[EventCountry "POL"]
[SourceTitle "playchess.com"]
[Source "ChessBase"]
[SourceQuality "1"]
[TimeControl "40/5400+30:1800+30"]

1. e4 c5 2. Nf3 e6 3. d4 cxd4 4. Nxd4 a6 5. Bd3 Qc7 6. O-O Nf6 7. Qe2 d6 8. c4 Nc6 9. Nxc6 bxc6 10. Nc3 Be7 11. f4 e5 12. c5 Qa7 13. Na4 O-O 14. Nb6 Bg4 15. Qf2 Rad8 16. Bc2 Be6 17. f5 dxc5 18. fxe6 Qxb6 19. exf7+ Kh8 20. a4 Rxf7 21. Ra3 Rff8 22. Rf3 Nd7 23. Qe2 Rxf3 24. Rxf3 Nf6 25. Qc4 a5 26. Qf7 c4+ 27. Kh1 Qb4 28. h3 Qe1+ 29. Kh2 Bc5 0-1

[Event "56th Rubinstein Memorial A 2020"]
[Site "Polanica Zdroj"]
[Date "2020.08.15"]
[Round "1.4"]
[White "Butkiewicz, Lukasz"]
[Black "Domanski, Lukasz"]
[Result "1-0"]
[ECO "D22"]
[WhiteElo "2400"]
[BlackElo "2039"]
[Annotator "ChessBase"]
[PlyCount "59"]
[EventDate "2020.08.15"]
[EventType "swiss"]
[EventCountry "POL"]
[SourceTitle "playchess.com"]
[Source "ChessBase"]
[SourceQuality "1"]
[TimeControl "40/5400+30:1800+30"]

1. d4 d5 2. c4 dxc4 3. Nf3 a6 4. e3 b5 5. a4 Bb7 6. b3 e6 7. bxc4 bxc4 8. Bxc4 Nd7 9. O-O Ngf6 10. Nc3 Be7 11. a5 c5 12. d5 exd5 13. Nxd5 Bxd5 14. Bxd5 Nxd5 15. Qxd5 O-O 16. e4 Rb8 17. Bf4 Rb5 18. e5 Nb8 19. Qe4 Rxa5 20. Rxa5 Qxa5 21. e6 Qd8 22. exf7+ Rxf7 23. Bxb8 Qxb8 24. Ne5 Bf6 25. Nxf7 Kxf7 26. Qd5+ Kf8 27. Qxc5+ Kg8 28. Qc4+ Kh8 29. Qxa6 h6 30. g3 1-0

[Event "56th Rubinstein Memorial A 2020"]
[Site "Polanica Zdroj"]
[Date "2020.08.15"]
[Round "1.5"]
[White "Rogacewicz, Mikolaj"]
[Black "Luch, Michal"]
[Result "1-0"]
[ECO "E04"]
[WhiteElo "2011"]
[BlackElo "2397"]
[Annotator "ChessBase"]
[PlyCount "55"]
[EventDate "2020.08.15"]
[EventType "swiss"]
[EventCountry "POL"]
[SourceTitle "playchess.com"]
[Source "ChessBase"]
[SourceQuality "1"]
[TimeControl "40/5400+30:1800+30"]

1. d4 Nf6 2. c4 e6 3. g3 d5 4. Nf3 dxc4 5. Bg2 Bb4+ 6. Bd2 a5 7. Qc2 Bxd2+ 8. Qxd2 c6 9. a4 Ne4 10. Qf4 Qb6 11. O-O Qxb2 12. Ne5 O-O 13. Bxe4 Qxa1 14. Nxc4 e5 15. dxe5 Be6 16. Nbd2 Qc3 17. Bd3 Nd7 18. Ne4 Qb4 19. Ng5 Rfe8 20. Rb1 Qe7 21. Bxh7+ Kf8 22. Nd6 Red8 23. Rxb7 Rab8 24. Rc7 Rb4 25. Be4 Bd5 26. Qh4 Qxe5 27. Nh7+ Kg8 28. Qxd8+ 1-0

[Event "56th Rubinstein Memorial A 2020"]
[Site "Polanica Zdroj"]
[Date "2020.08.15"]
[Round "1.6"]
[White "Sabuk, Piotr"]
[Black "Golecki, Jan"]
[Result "0-1"]
[ECO "E06"]
[WhiteElo "2377"]
[BlackElo "1988"]
[Annotator "ChessBase"]
[PlyCount "68"]
[EventDate "2020.08.15"]
[EventType "swiss"]
[EventCountry "POL"]
[SourceTitle "playchess.com"]
[Source "ChessBase"]
[SourceQuality "1"]
[TimeControl "40/5400+30:1800+30"]

1. d4 d5 2. c4 e6 3. Nf3 Nf6 4. g3 Be7 5. Bg2 O-O 6. Nc3 c6 7. O-O b6 8. Ne5 Bb7 9. e4 dxc4 10. Nxc4 b5 11. Ne3 b4 12. Ne2 c5 13. d5 Qb6 14. b3 Rd8 15. Bb2 Na6 16. Nc4 Qb5 17. Nf4 exd5 18. Nxd5 Nxd5 19. exd5 Bf8 20. Qh5 Re8 21. Ne5 Re7 22. Be4 g6 23. Qg5 Qe2 24. Nc6 Rxe4 25. Qf6 Rd4 26. Bxd4 cxd4 27. Rae1 Qb5 28. Re7 Qxd5 29. Rxb7 Nc5 30. Ne7+ Bxe7 31. Rxe7 Ne4 32. Qf4 Ng5 33. Qg4 Nf3+ 34. Kg2 Ne5+ 0-1

[Event "56th Rubinstein Memorial A 2020"]
[Site "Polanica Zdroj"]
[Date "2020.08.15"]
[Round "1.7"]
[White "Turski, Bartlomiej"]
[Black "Goluch, Piotr"]
[Result "1/2-1/2"]
[ECO "B13"]
[WhiteElo "1985"]
[BlackElo "2373"]
[Annotator "ChessBase"]
[PlyCount "67"]
[EventDate "2020.08.15"]
[EventType "swiss"]
[EventCountry "POL"]
[SourceTitle "playchess.com"]
[Source "ChessBase"]
[SourceQuality "1"]
[TimeControl "40/5400+30:1800+30"]

1. e4 c6 2. d4 d5 3. exd5 cxd5 4. Bd3 Nc6 5. c3 Qc7 6. Ne2 Bg4 7. O-O e6 8. Qe1 Bxe2 9. Qxe2 Bd6 10. g3 Nge7 11. Nd2 O-O 12. f4 Rae8 13. Nf3 h6 14. Bd2 a6 15. Nh4 Qb6 16. Qf2 f5 17. Rae1 Nd8 18. b3 Bb8 19. Qg2 Nf7 20. g4 fxg4 21. Ng6 Nxg6 22. Bxg6 e5 23. Qxg4 e4 24. Kh1 Re7 25. h4 Qc7 26. Re2 Kh8 27. h5 Nd6 28. f5 e3 29. Rxe3 Rxe3 30. Bxe3 Ne4 31. Bf4 Qxc3 32. Bxb8 Rxb8 33. f6 Nxf6 34. Rxf6 1/2-1/2

[Event "56th Rubinstein Memorial A 2020"]
[Site "Polanica Zdroj"]
[Date "2020.08.15"]
[Round "1.8"]
[White "Lukasiewicz, Krzysztof"]
[Black "Grzesik, Norbert"]
[Result "1-0"]
[ECO "A45"]
[WhiteElo "2343"]
[BlackElo "1980"]
[Annotator "ChessBase"]
[PlyCount "75"]
[EventDate "2020.08.15"]
[EventType "swiss"]
[EventCountry "POL"]
[SourceTitle "playchess.com"]
[Source "ChessBase"]
[SourceQuality "1"]
[TimeControl "40/5400+30:1800+30"]

1. d4 Nf6 2. Bf4 g6 3. Nc3 d5 4. e3 Bg7 5. h4 h5 6. Be2 a6 7. Nf3 Nc6 8. Ne5 Bf5 9. Nxc6 bxc6 10. Be5 Kf8 11. Na4 Qc8 12. Rc1 Nd7 13. Bg3 e5 14. c4 Qb7 15. O-O Bf6 16. Bf3 Rd8 17. b3 Kg7 18. cxd5 cxd5 19. Qd2 c6 20. Rfd1 Bg4 21. Bxg4 hxg4 22. Qe2 exd4 23. exd4 Bxh4 24. Qxg4 Bxg3 25. Qxg3 Rde8 26. Qc3 Re6 27. Re1 Rxe1+ 28. Rxe1 Qc7 29. g3 Qd6 30. Qf3 Qf6 31. Qxf6+ Kxf6 32. Rc1 Rc8 33. Nb2 c5 34. Nd3 c4 35. Nb4 Ke6 36. Nxa6 Kd6 37. Nb4 cxb3 38. Rxc8 1-0

[Event "56th Rubinstein Memorial A 2020"]
[Site "Polanica Zdroj"]
[Date "2020.08.15"]
[Round "1.10"]
[White "Zochowski, Kacper"]
[Black "Kolodziejski, Piotr"]
[Result "1-0"]
[ECO "A05"]
[WhiteElo "2278"]
[BlackElo "1928"]
[Annotator "ChessBase"]
[PlyCount "67"]
[EventDate "2020.08.15"]
[EventType "swiss"]
[EventCountry "POL"]
[SourceTitle "playchess.com"]
[Source "ChessBase"]
[SourceQuality "1"]
[TimeControl "40/5400+30:1800+30"]

1. Nf3 Nf6 2. c4 d5 3. cxd5 Nxd5 4. e4 Nf6 5. Nc3 c5 6. d4 cxd4 7. Qxd4 Qxd4 8. Nxd4 e5 9. Ndb5 Na6 10. Be3 Bb4 11. a3 Bxc3+ 12. Nxc3 Nc7 13. Bb5+ Bd7 14. Bxd7+ Nxd7 15. O-O-O b6 16. Rd6 O-O-O 17. a4 Nf6 18. Rxd8+ Rxd8 19. f3 Rd3 20. Re1 Na6 21. Kc2 Rd7 22. Nb5 Nb4+ 23. Kb1 Kb7 24. Rc1 a6 25. Na3 Rd3 26. Nc4 Nd7 27. Bd2 Nc6 28. Bc3 Nc5 29. Bxe5 Nxe5 30. Nxe5 Rd2 31. Nxf7 Rxg2 32. a5 Rd2 33. axb6 Nd3 34. Nd6+ 1-0

[Event "56th Rubinstein Memorial A 2020"]
[Site "Polanica Zdroj"]
[Date "2020.08.15"]
[Round "1.11"]
[White "Mirowska, Oliwia"]
[Black "Kucza, Karol"]
[Result "0-1"]
[ECO "D02"]
[WhiteElo "1927"]
[BlackElo "2277"]
[Annotator "ChessBase"]
[PlyCount "88"]
[EventDate "2020.08.15"]
[EventType "swiss"]
[EventCountry "POL"]
[SourceTitle "playchess.com"]
[Source "ChessBase"]
[SourceQuality "1"]
[TimeControl "40/5400+30:1800+30"]

1. d4 d5 2. Bf4 Nf6 3. Nf3 c5 4. e3 Nc6 5. c3 Qb6 6. Qc1 Bf5 7. Nbd2 Rc8 8. dxc5 Qxc5 9. Nb3 Qb6 10. Nbd4 Be4 11. Be2 e6 12. O-O Be7 13. h4 O-O 14. Bg3 Rfe8 15. Ng5 h6 16. Nh3 Bh7 17. f3 Bc5 18. Bf2 Ne5 19. Qd2 Nc4 20. Bxc4 dxc4 21. Rad1 e5 22. Ne2 Red8 23. Qc1 Bd3 24. Rfe1 Nd5 25. Ng3 f5 26. e4 Nf4 27. Bxc5 Nxh3+ 28. Kh2 Qxc5 29. Kxh3 f4 30. Nh1 Rc6 31. Rd2 Rg6 32. Qd1 Qe7 33. b3 b5 34. bxc4 bxc4 35. Qa4 Rb8 36. Qa5 Rbb6 37. Red1 Kh7 38. Qd5 a6 39. Qa8 Rbc6 40. Rb2 Rb6 41. Rbd2 Qa3 42. Qc8 Rb2 43. Rxb2 Qxb2 44. Rg1 Bf1 0-1

[Event "56th Rubinstein Memorial A 2020"]
[Site "Polanica Zdroj"]
[Date "2020.08.15"]
[Round "1.12"]
[White "Bronowicki, Mateusz"]
[Black "Dytman, Radoslaw"]
[Result "1-0"]
[ECO "A10"]
[WhiteElo "2275"]
[BlackElo "1919"]
[Annotator "ChessBase"]
[PlyCount "69"]
[EventDate "2020.08.15"]
[EventType "swiss"]
[EventCountry "POL"]
[SourceTitle "playchess.com"]
[Source "ChessBase"]
[SourceQuality "1"]
[TimeControl "40/5400+30:1800+30"]

1. c4 d6 2. Nc3 e5 3. g3 g6 4. Bg2 Bg7 5. e4 Nc6 6. Nge2 Nge7 7. d3 O-O 8. O-O Nd4 9. Nxd4 exd4 10. Nd5 c6 11. Nxe7+ Qxe7 12. Bd2 Be6 13. h4 Qd7 14. h5 d5 15. exd5 cxd5 16. h6 Be5 17. Re1 Bc7 18. Qf3 f5 19. cxd5 Bf7 20. Bb4 Bd6 21. Bxd6 Qxd6 22. Qf4 Qxf4 23. gxf4 Rfe8 24. Rxe8+ Rxe8 25. Rc1 Kf8 26. Rc7 Rb8 27. b4 a6 28. a4 Ke8 29. Kh2 Kf8 30. Kg3 Kg8 31. d6 Rd8 32. Bxb7 Bb3 33. Bxa6 Rxd6 34. Bc4+ Bxc4 35. Rxc4 1-0

[Event "56th Rubinstein Memorial A 2020"]
[Site "Polanica Zdroj"]
[Date "2020.08.15"]
[Round "1.14"]
[White "Dahl, Christoph"]
[Black "Hertlein, Irena"]
[Result "1/2-1/2"]
[ECO "B01"]
[WhiteElo "2228"]
[BlackElo "1905"]
[Annotator "ChessBase"]
[PlyCount "67"]
[EventDate "2020.08.15"]
[EventType "swiss"]
[EventCountry "POL"]
[SourceTitle "playchess.com"]
[Source "ChessBase"]
[SourceQuality "1"]
[TimeControl "40/5400+30:1800+30"]

1. e4 d5 2. exd5 Qxd5 3. Nc3 Qd6 4. d4 Nf6 5. Nf3 c6 6. Bc4 Bg4 7. Be3 Nbd7 8. h3 Bh5 9. g4 Bg6 10. Qd2 e6 11. O-O-O Qc7 12. Ne5 O-O-O 13. Nxg6 hxg6 14. Qe2 Nb6 15. Bb3 Bd6 16. Qf3 Nbd5 17. Nxd5 cxd5 18. Kb1 Kb8 19. Bg5 Be7 20. Qd3 Rc8 21. Rc1 Rhd8 22. c4 dxc4 23. Rxc4 Qd7 24. Rhc1 Rxc4 25. Qxc4 Nd5 26. Bxe7 Qxe7 27. Qe2 Qd6 28. Qf3 Nf4 29. Qe3 g5 30. Rd1 Rh8 31. Rh1 Rd8 32. Rd1 Rh8 33. Rh1 Rd8 34. Rd1 1/2-1/2

[Event "56th Rubinstein Memorial A 2020"]
[Site "Polanica Zdroj"]
[Date "2020.08.15"]
[Round "1.16"]
[White "Fiedorek, Michal"]
[Black "Jedynak, January"]
[Result "1-0"]
[ECO "C24"]
[WhiteElo "2212"]
[BlackElo "1887"]
[Annotator "ChessBase"]
[PlyCount "47"]
[EventDate "2020.08.15"]
[EventType "swiss"]
[EventCountry "POL"]
[SourceTitle "playchess.com"]
[Source "ChessBase"]
[SourceQuality "1"]
[TimeControl "40/5400+30:1800+30"]

1. e4 e5 2. Bc4 Nf6 3. d3 c6 4. Nf3 d5 5. Bb3 Bd6 6. Nc3 dxe4 7. Nxe4 Nxe4 8. dxe4 O-O 9. O-O Bg4 10. Qd3 Qf6 11. Rd1 Bc7 12. Bg5 Qg6 13. Be7 Re8 14. Ng5 Bxd1 15. Rxd1 Na6 16. Bxf7+ Qxf7 17. Nxf7 Rxe7 18. Ng5 Bb6 19. Qc4+ Kh8 20. Nf7+ Kg8 21. Nxe5+ Kh8 22. Ng6+ hxg6 23. Rd3 Re5 24. g4 1-0

[Event "56th Rubinstein Memorial A 2020"]
[Site "Polanica Zdroj"]
[Date "2020.08.15"]
[Round "1.17"]
[White "Polak, Michal"]
[Black "Kasperek, Ryszard"]
[Result "1/2-1/2"]
[ECO "B23"]
[WhiteElo "1878"]
[BlackElo "2202"]
[Annotator "ChessBase"]
[PlyCount "80"]
[EventDate "2020.08.15"]
[EventType "swiss"]
[EventCountry "POL"]
[SourceTitle "playchess.com"]
[Source "ChessBase"]
[SourceQuality "1"]
[TimeControl "40/5400+30:1800+30"]

1. e4 c5 2. Nc3 e6 3. g3 d5 4. Bg2 dxe4 5. Nxe4 Bd7 6. Nf3 Nc6 7. d3 Nf6 8. Bg5 Be7 9. Bxf6 Bxf6 10. Qd2 Be7 11. O-O f5 12. Nc3 Bf6 13. Ne2 e5 14. c3 O-O 15. Rfd1 Qe7 16. d4 cxd4 17. cxd4 e4 18. Ne1 Rad8 19. d5 Be6 20. d6 Qf7 21. f3 Be5 22. Qe3 Bxd6 23. fxe4 fxe4 24. Nc3 Bc7 25. Qxe4 Bb6+ 26. Kh1 Qf1+ 27. Bxf1 Rxf1+ 28. Kg2 Rg1+ 29. Kf3 Rf8+ 30. Qf4 Rf1+ 31. Ke4 Bf5+ 32. Kd5 Rxf4 33. gxf4 Rd8+ 34. Kc4 Be6+ 35. Kb5 Nd4+ 36. Ka4 Rc8 37. Ka3 Rc4 38. Ne4 Nc2+ 39. Nxc2 Rxc2 40. Rac1 Rc8 1/2-1/2

[Event "56th Rubinstein Memorial A 2020"]
[Site "Polanica Zdroj"]
[Date "2020.08.15"]
[Round "1.18"]
[White "Jaskolka, Tomasz"]
[Black "Kowalczyk, Wojciech"]
[Result "1-0"]
[ECO "A45"]
[WhiteElo "2196"]
[BlackElo "1873"]
[Annotator "ChessBase"]
[PlyCount "61"]
[EventDate "2020.08.15"]
[EventType "swiss"]
[EventCountry "POL"]
[SourceTitle "playchess.com"]
[Source "ChessBase"]
[SourceQuality "1"]
[TimeControl "40/5400+30:1800+30"]

1. d4 Nf6 2. Bf4 d6 3. Nc3 g6 4. e4 Bg7 5. Qd2 O-O 6. O-O-O c6 7. Bh6 b5 8. f3 a5 9. h4 a4 10. h5 b4 11. Nb1 Qa5 12. hxg6 fxg6 13. e5 dxe5 14. Bc4+ e6 15. Bxg7 Kxg7 16. Qh6+ Kg8 17. Nh3 Ra7 18. Ng5 Re7 19. Rde1 Qc7 20. Rxe5 Nd5 21. Rhe1 Rf6 22. Nd2 Rf5 23. f4 Rxe5 24. fxe5 Ba6 25. Bxa6 Nxa6 26. Nde4 c5 27. Rf1 Qd8 28. Nxh7 Rg7 29. Nhf6+ Nxf6 30. Nxf6+ Kf7 31. Nh5+ 1-0

[Event "56th Rubinstein Memorial A 2020"]
[Site "Polanica Zdroj"]
[Date "2020.08.15"]
[Round "1.19"]
[White "Kazmierowski, Tymon"]
[Black "Luba, Lukasz"]
[Result "0-1"]
[ECO "D10"]
[WhiteElo "1870"]
[BlackElo "2188"]
[Annotator "ChessBase"]
[PlyCount "96"]
[EventDate "2020.08.15"]
[EventType "swiss"]
[EventCountry "POL"]
[SourceTitle "playchess.com"]
[Source "ChessBase"]
[SourceQuality "1"]
[TimeControl "40/5400+30:1800+30"]

1. d4 d5 2. c4 c6 3. cxd5 cxd5 4. Bf4 Nc6 5. e3 Qb6 6. Nc3 e6 7. Bd3 Bd7 8. Nge2 Nf6 9. O-O Nh5 10. Qd2 Nxf4 11. Nxf4 Bd6 12. Nh5 O-O-O 13. a3 Rdg8 14. b4 Qd8 15. Rac1 Kb8 16. Be2 g6 17. Ng3 f5 18. Nb5 Be7 19. f4 h5 20. Bd3 Qb6 21. Ne2 Nxb4 22. a4 Nxd3 23. Qxd3 Bxb5 24. axb5 Rc8 25. Nc3 Rc4 26. Ra1 Rhc8 27. Na4 Qxb5 28. Nc5 R4xc5 29. Qa3 Qb6 30. dxc5 Bxc5 31. Qa4 Bxe3+ 32. Kh1 Qc6 33. Qa3 Qc5 34. Qa4 d4 35. Rfb1 d3 36. Qa6 Qd5 37. Ra5 d2 38. Rxd5 Rc1+ 39. Qf1 exd5 40. g3 Rxf1+ 41. Rxf1 b5 42. Kg2 b4 43. Rd1 Kb7 44. Kf3 d4 45. Ke2 Kb6 46. Kd3 Kb5 47. Kc2 a5 48. Ra1 a4 0-1

[Event "56th Rubinstein Memorial A 2020"]
[Site "Polanica Zdroj"]
[Date "2020.08.16"]
[Round "2.1"]
[White "Ovsejevitsch, Sergei"]
[Black "Fiedorek, Michal"]
[Result "1/2-1/2"]
[ECO "E92"]
[WhiteElo "2587"]
[BlackElo "2212"]
[Annotator "ChessBase"]
[PlyCount "50"]
[EventDate "2020.08.15"]
[EventType "swiss"]
[EventCountry "POL"]
[SourceTitle "playchess.com"]
[Source "ChessBase"]
[SourceQuality "1"]
[TimeControl "40/5400+30:1800+30"]

1. Nf3 Nf6 2. c4 g6 3. Nc3 Bg7 4. e4 d6 5. d4 O-O 6. Be2 e5 7. d5 a5 8. Be3 Ng4 9. Bg5 f6 10. Bd2 f5 11. exf5 gxf5 12. O-O e4 13. Ne1 Ne5 14. f3 exf3 15. Nxf3 Nbd7 16. Kh1 Nxf3 17. gxf3 Ne5 18. Qc1 Qh4 19. Bf4 Bd7 20. Rg1 Kh8 21. Qd2 a4 22. Nb5 Bxb5 23. cxb5 Ng6 24. Bg5 Qd4 25. Rac1 Rae8 1/2-1/2

[Event "56th Rubinstein Memorial A 2020"]
[Site "Polanica Zdroj"]
[Date "2020.08.16"]
[Round "2.1"]
[White "Jedynak, January"]
[Black "Betkowski, Andrzej"]
[Result "1-0"]
[ECO "C01"]
[WhiteElo "1887"]
[BlackElo "2044"]
[Annotator "ChessBase"]
[PlyCount "131"]
[EventDate "2020.08.15"]
[EventType "swiss"]
[EventCountry "POL"]
[SourceTitle "playchess.com"]
[Source "ChessBase"]
[SourceQuality "1"]
[TimeControl "40/5400+30:1800+30"]

1. e4 e6 2. d4 d5 3. exd5 exd5 4. Nf3 Bd6 5. c4 Nf6 6. Nc3 dxc4 7. Bxc4 O-O 8. O-O Bg4 9. Bg5 Nbd7 10. Re1 c6 11. Ne4 Be7 12. Ng3 Nb6 13. Bb3 h6 14. Bd2 Nfd5 15. h3 Bxf3 16. Qxf3 Bg5 17. Bxg5 Qxg5 18. Re5 Qf4 19. Qe2 Qxd4 20. Nf5 Qb4 21. Re4 Qc5 22. Qg4 g6 23. Nxh6+ Kg7 24. Nf5+ Kg8 25. Qg5 Rfe8 26. Rh4 Qf8 27. Nh6+ Kg7 28. Bc2 Re6 29. Ng4 Kg8 30. Rh6 Qg7 31. Rh4 Rae8 32. Nh6+ Kf8 33. Rf1 Re5 34. Qc1 Qf6 35. g3 Re2 36. Ng4 Qg7 37. b3 Nc3 38. Qa3+ R8e7 39. Qxa7 Nbd5 40. Qb8+ Re8 41. Qd6+ R8e7 42. Bd3 R2e6 43. Qb8+ Re8 44. Qxb7 f5 45. Qxg7+ Kxg7 46. Nh2 Nxa2 47. Bc4 Re4 48. Rxe4 Rxe4 49. Nf3 Nb6 50. Ng5 Re5 51. Ra1 Nxc4 52. Rxa2 Nd6 53. Rc2 c5 54. Rxc5 Re1+ 55. Kg2 Rb1 56. Rd5 Ne8 57. Rd7+ Kg8 58. Rb7 Nf6 59. b4 Nd5 60. b5 Rb2 61. Kf3 Rb3+ 62. Kg2 Rb2 63. Ne6 Kh8 64. h4 Ne3+ 65. Kf3 Nd5 66. Nf8 1-0

[Event "56th Rubinstein Memorial A 2020"]
[Site "Polanica Zdroj"]
[Date "2020.08.16"]
[Round "2.6"]
[White "Kucza, Karol"]
[Black "Wisniewski, Michal"]
[Result "1-0"]
[ECO "B94"]
[WhiteElo "2245"]
[BlackElo "2127"]
[Annotator "ChessBase"]
[PlyCount "79"]
[EventDate "2020.08.15"]
[EventType "swiss"]
[EventCountry "POL"]
[SourceTitle "playchess.com"]
[Source "ChessBase"]
[SourceQuality "1"]
[TimeControl "40/5400+30:1800+30"]

1. e4 c5 2. Nf3 d6 3. d4 cxd4 4. Nxd4 Nf6 5. Nc3 a6 6. Bg5 Nbd7 7. Qe2 e5 8. Nf5 h6 9. Bxf6 Nxf6 10. O-O-O g6 11. Ne3 Be6 12. Qf3 b5 13. Kb1 Be7 14. Ncd5 Bxd5 15. Nxd5 Nxd5 16. Rxd5 Qc7 17. h4 O-O 18. h5 Kg7 19. g3 Rac8 20. Qd3 Qb6 21. Qd2 Rh8 22. f4 Rc5 23. hxg6 fxg6 24. Bh3 Rf8 25. Be6 Rxd5 26. Bxd5 Qd4 27. Qh2 Rh8 28. f5 Bg5 29. Qh3 gxf5 30. Qxf5 Qa7 31. Rf1 Qe7 32. Bf7 Qf6 33. Qh3 Qe7 34. Qh5 Rf8 35. Qg6+ Kh8 36. a3 a5 37. Rf5 Rd8 38. Ka2 b4 39. a4 Qd7 40. Rxg5 1-0

[Event "56th Rubinstein Memorial A 2020"]
[Site "Polanica Zdroj"]
[Date "2020.08.16"]
[Round "2.10"]
[White "Golecki, Jan"]
[Black "Pultinevicius, Paulius"]
[Result "1-0"]
[ECO "B13"]
[WhiteElo "2106"]
[BlackElo "2512"]
[Annotator "RC"]
[PlyCount "95"]
[EventDate "2020.08.15"]
[EventType "swiss"]
[EventCountry "POL"]
[SourceTitle "playchess.com"]
[Source "ChessBase"]
[SourceQuality "1"]
[TimeControl "40/5400+30:1800+30"]

1. e4 c6 2. d4 d5 3. exd5 cxd5 4. Bd3 Nc6 5. c3 Nf6 6. Bf4 g6 7. Nf3 Bg7 8. O-O O-O 9. h3 Bf5 10. Bxf5 gxf5 11. Ne1 e6 12. Nd3 Ne7 13. Ne5 Ne4 14. f3 Nf6 15. Qd2 Ng6 16. Nxg6 hxg6 17. Bg5 Qb6 18. Bxf6 Bxf6 19. Kh1 Rfc8 20. f4 Kg7 21. a4 Rh8 22. Na3 Rac8 23. Rab1 Qa5 24. Qd1 Rh4 25. Rf3 Be7 26. b4 Qc7 27. Qf1 a6 28. Rb2 Bd6 29. g3 Rhh8 30. Kg2 Qe7 31. h4 a5 32. Nb5 axb4 33. Nxd6 Qxd6 34. Rxb4 Rxc3 35. Rxb7 Rc2+ 36. Rf2 Rhc8 37. Rxc2 Rxc2+ 38. Kh3 Ra2 39. Qb5 Qf8 40. Qd7 Re2 41. a5 g5 42. fxg5 f4 43. Qc7 e5 44. dxe5 fxg3 45. Qc3 Re4 46. e6+ d4 47. Qc6 g2 48. Kxg2 1-0

[Event "56th Rubinstein Memorial A 2020"]
[Site "Polanica Zdroj"]
[Date "2020.08.16"]
[Round "2.12"]
[White "Marszalek, Maciej"]
[Black "Turski, Bartlomiej"]
[Result "1/2-1/2"]
[ECO "A49"]
[WhiteElo "2315"]
[BlackElo "1985"]
[Annotator "ChessBase"]
[PlyCount "61"]
[EventDate "2020.08.15"]
[EventType "swiss"]
[EventCountry "POL"]
[SourceTitle "playchess.com"]
[Source "ChessBase"]
[SourceQuality "1"]
[TimeControl "40/5400+30:1800+30"]

1. d4 Nf6 2. Nf3 g6 3. g3 Bg7 4. Bg2 O-O 5. O-O d6 6. b3 Nbd7 7. Bb2 c5 8. c4 Qc7 9. Nc3 b6 10. e4 Bb7 11. Re1 a6 12. h3 e6 13. Rc1 cxd4 14. Nxd4 Rad8 15. Qe2 Qb8 16. Rcd1 Rfe8 17. Qc2 Qa8 18. Bc1 Rc8 19. Nf3 b5 20. Nd2 d5 21. exd5 exd5 22. Rxe8+ Nxe8 23. Nf1 dxc4 24. Nd5 Bxd5 25. Bxd5 Qa7 26. bxc4 bxc4 27. Be3 Qc7 28. Qxc4 Qxc4 29. Bxc4 Rxc4 30. Rxd7 f5 31. Rd2 1/2-1/2

[Event "56th Rubinstein Memorial A 2020"]
[Site "Polanica Zdroj"]
[Date "2020.08.16"]
[Round "2.15"]
[White "Kasperek, Ryszard"]
[Black "Siekanska, Maria"]
[Result "1-0"]
[ECO "B81"]
[WhiteElo "2202"]
[BlackElo "1928"]
[Annotator "RC"]
[PlyCount "45"]
[EventDate "2020.08.15"]
[EventType "swiss"]
[EventCountry "POL"]
[SourceTitle "playchess.com"]
[Source "ChessBase"]
[SourceQuality "1"]
[TimeControl "40/5400+30:1800+30"]

1. e4 c5 2. Nf3 e6 3. d4 cxd4 4. Nxd4 Nf6 5. Nc3 d6 6. g4 Nc6 7. g5 Nd7 8. Be3 Be7 9. h4 O-O 10. Qd2 Nde5 11. O-O-O Ng4 12. Ndb5 Nxe3 13. Qxe3 a6 14. Nxd6 Bxd6 15. e5 Nxe5 16. Ne4 Qa5 17. Nxd6 Nc6 18. Bc4 b5 19. Bb3 Ne7 20. h5 Nd5 21. Qe5 Ra7 22. Nxc8 Rxc8 23. h6 1-0

[Event "56th Rubinstein Memorial A 2020"]
[Site "Polanica Zdroj"]
[Date "2020.08.16"]
[Round "2.18"]
[White "Hertlein, Irena"]
[Black "Poltorak, Sebastian"]
[Result "0-1"]
[ECO "A45"]
[WhiteElo "1905"]
[BlackElo "1974"]
[Annotator "ChessBase"]
[PlyCount "64"]
[EventDate "2020.08.15"]
[EventType "swiss"]
[EventCountry "POL"]
[SourceTitle "playchess.com"]
[Source "ChessBase"]
[SourceQuality "1"]
[TimeControl "40/5400+30:1800+30"]

1. d4 Nf6 2. Bf4 b6 3. e3 Bb7 4. Nf3 g6 5. Nbd2 Bg7 6. Be2 d6 7. h3 O-O 8. O-O Nfd7 9. Bh2 e5 10. c4 Qe7 11. d5 a5 12. Rb1 f5 13. Qc2 Nc5 14. b3 Nbd7 15. a3 e4 16. Ne1 Ne5 17. b4 axb4 18. axb4 Ncd7 19. Nb3 b5 20. Na5 Rfb8 21. Nxb7 Rxb7 22. cxb5 Rba7 23. Bc4 Nxc4 24. Qxc4 Nb6 25. Qc6 Ra3 26. Rc1 R8a7 27. f3 Rxe3 28. fxe4 Qxe4 29. Kh1 Ra2 30. Rg1 Rxh3 31. Qxc7 Rxh2+ 32. Kxh2 Qh4# 0-1

[Event "56th Rubinstein Memorial A 2020"]
[Site "Polanica Zdroj"]
[Date "2020.08.16"]
[Round "2.25"]
[White "Kolodziejski, Piotr"]
[Black "Stachecki, Mikolaj"]
[Result "1-0"]
[ECO "B54"]
[WhiteElo "1928"]
[BlackElo "1806"]
[Annotator "RC"]
[PlyCount "45"]
[EventDate "2020.08.15"]
[EventType "swiss"]
[EventCountry "POL"]
[SourceTitle "playchess.com"]
[Source "ChessBase"]
[SourceQuality "1"]
[TimeControl "40/5400+30:1800+30"]

1. e4 c5 2. Nf3 d6 3. d4 cxd4 4. Nxd4 Nf6 5. f3 e5 6. Nb3 Nc6 7. c4 Be7 8. Be3 O-O 9. Nc3 Be6 10. Be2 Rc8 11. O-O Na5 12. Nxa5 Qxa5 13. Nd5 Nxd5 14. cxd5 Bd7 15. Qb3 b5 16. g4 Bd8 17. Rac1 Bb6 18. Bxb6 Qxb6+ 19. Kg2 Rc7 20. Rxc7 Qxc7 21. f4 f6 22. fxe5 dxe5 23. d6+ 1-0